 Dungeon Crawl Stone Soup version 0.30-a0-965-g42e074c17a (webtiles) character file.

Game seed: 9740234249467981574

73653 NinjaNoafa the Spry (level 15, -2/75 HPs)
             Began as a Felid Summoner on Mar 30, 2023.
             Was an Initiate of Gozag.
             Killed by an exploding themself (28 damage)
             ... ignited by their inner flame
             ... on level 3 of the Spider Nest.
             The game lasted 01:31:57 (30633 turns).

NinjaNoafa the Spry (Felid Summoner)               Turns: 30633, Time: 01:31:58

Health: -2/75      AC:  7    Str:  4    XL:     15   Next: 4%
Magic:  34/40      EV: 30    Int: 25    God:    Gozag
Gold:   298        SH:  0    Dex: 16    Spells: 2/36 levels left
                                        Lives:  0   Deaths: 4

rFire   . . .      SeeInvis +    (weapon unavailable)
rCold   + . .      Faith    .    (shield unavailable)
rNeg    . . .      Spirit   .    (body armour unavailable)
rPois   .          Reflect  .    (helmet unavailable)
rElec   .          Rampage  .    (cloak unavailable)
rCorr   .                        (gloves unavailable)
Will    ++...                    (boots unavailable)
Stlth   ++                       F - amulet of magic regeneration
HPRegen 0.32/turn                G - +4 ring of protection
MPRegen 0.67/turn                A - ring of magical power

@: gold aura, quick
A: very small, claws 1, fangs 3, see invisible, speed 1, shaggy fur 3, stealthy
paws, no weapons or thrown items, no armour, multi-lived
a: Renounce Religion, Potion Petition, Call Merchant, Bribe Branch


You were on level 3 of the Spider Nest.
You worshipped Gozag.
Gozag was aware of your devotion.
You visited 6 branches of the dungeon, and saw 27 of its levels.
You also visited: Volcano.

You collected 8141 gold pieces.
You spent 2554 gold pieces at shops.
You paid 5289 gold pieces to Gozag.

Inventory:

Jewellery
 l - a ring of ice
 s - the ring "Exorax" {Will+ Int+3}
   (You found it on level 6 of the Dungeon)

   [ring of willpower]

   Int:       It affects your intelligence (+3).
   Will:      It increases your willpower.
 A - a ring of magical power (right paw)
 F - an amulet of magic regeneration (around neck)
 G - a +4 ring of protection (left paw)
 I - a ring of flight
Wands
 u - a wand of charming (8)
 x - a wand of digging (8)
 z - a wand of flame (55)
 H - a wand of iceblast (19)
Scrolls
 b - 5 scrolls of fog
 h - 13 scrolls of teleportation
 i - 11 scrolls of identify
 j - 6 scrolls of immolation
 k - 4 scrolls of magic mapping
 m - 3 scrolls of poison
 p - a scroll of silence
 t - 4 scrolls of blinking
 v - a scroll of summoning
 y - a scroll of torment
 C - 6 scrolls of fear
 E - 2 scrolls of vulnerability
Potions
 a - 5 potions of magic
 c - 5 potions of might
 d - 7 potions of brilliance
 e - 6 potions of heal wounds
 f - a potion of lignification
 g - 13 potions of curing
 n - 2 potions of berserk rage
 o - 9 potions of attraction
 q - 2 potions of cancellation
 r - 6 potions of mutation
 w - 2 potions of flight
 B - a potion of resistance
 D - 3 potions of haste
 M - a potion of invisibility
Miscellaneous
 J - a piece from Xom's chessboard (15/15)
 K - a condenser vane


   Skills:
 - Level 14.3 Fighting
 + Level 18.7 Dodging
 - Level 2.6 Stealth
 - Level 11.0 Spellcasting
 - Level 10.0 Hexes
 - Level 13.5 Summonings
 - Level 10.0 Translocations
 - Level 5.5 Transmutations
 - Level 7.0 Air Magic
 - Level 5.3 Earth Magic
 - Level 5.0 Evocations


You had 2 spell levels left.
You knew the following spells:

 Your Spells              Type           Power      Damage    Failure   Level
a - Summon Cactus Giant   Summ           34%        N/A       2%          6
b - Summon Mana Viper     Hex/Summ       64%        N/A       1%          5
c - Call Canine Familiar  Summ           69%        N/A       1%          3
d - Summon Guardian Gole  Hex/Summ       64%        N/A       1%          3
e - Summon Lightning Spi  Summ/Air       60%        N/A       1%          4
f - Swiftness             Air            48%        N/A       1%          3
g - Passwall              Tmut/Erth      33%        N/A       1%          2
h - Blink                 Tloc           100%       N/A       1%          2
i - Summon Forest         Summ/Tloc      32%        N/A       1%          5
j - Summon Small Mammal   Summ           100%       N/A       1%          1

Your spell library contained the following spells:

 Spells                   Type           Power      Damage    Failure   Level
 Apportation              Tloc           100%       N/A       1%          1
 Sting                    Tmut/Pois      100%       1d8       1%          1
 Call Imp                 Summ           69%        N/A       1%          2
 Ensorcelled Hibernation  Hex/Ice        76%        N/A       1%          2
 Lesser Beckoning         Tloc           100%       N/A       1%          2
 Momentum Strike          Conj/Tloc      76%        3d10      1%          2
 Poisonous Vapours        Pois/Air       62%        N/A       1%          2
 Cigotuvi's Dreadful Rot  Necr/Pois/Air  50%        N/A       2%          2
 Freeze                   Ice            52%        1d6       4%          1
 Necrotise                Necr           52%        1d6       4%          1
 Leda's Liquefaction      Hex/Erth       25%        N/A       1%          4
 Summon Ice Beast         Ice/Summ       47%        N/A       2%          4
 Mephitic Cloud           Conj/Pois/Air  25%        N/A       5%          3
 Blade Hands              Tmut           20%        N/A       13%         5
 Lee's Rapid Deconstruct  Erth           20%        3d12*     14%         5
 Monstrous Menagerie      Summ           34%        N/A       14%         7
 Olgreb's Toxic Radiance  Pois           13%        N/A       41%         4
 Statue Form              Tmut/Erth      26%        N/A       58%         6
 Iron Shot                Conj/Erth      13%        9d3       92%         6
 Spellforged Servitor     Conj/Summ      23%        N/A       93%         7
 Animate Armour           Summ/Erth      Unusable   N/A       N/A         4

Dungeon Overview and Level Annotations

Branches:
Dungeon (15/15)            Temple (1/1) D:7            Lair (5/5) D:10
 Shoals (1/4) Lair:3       Spider (3/4) Lair:3        Slime (0/5) Lair:4
    Orc (2/2) D:10            Elf (0/3) Orc:2        Vaults (0/5) D:14
 Depths (0/4) D:15        Volcano (visited)

Altars:
Ashenzari
Cheibriados
Dithmenos
Elyvilon
Fedhas
Gozag
Hepliaklqana
Kikubaaqudgha
Makhleb
Nemelex Xobeh
Okawaru
Qazlal
Ru
Sif Muna
Trog
Uskayaw
Vehumet
Wu Jian
Xom
Yredelemnul
Zin
The Shining One
Jiyva
Lugonu

Shops:
D:3 *   D:4 *   D:5 ***(!   D:6 *   D:10 [[[!   Orc:1 ::   Orc:2 *==*[
Lair:1 **   Spider:2 :

Portals:
Abyss: Lair:5


Innate Abilities, Weirdness & Mutations

You have sharp claws.
You have razor-sharp teeth.
You have supernaturally acute eyesight. (SInv)
You cover ground quickly. (Speed+)
Your thick and shaggy fur keeps you warm. (AC +3, rC+)
Your paws help you pounce on unaware monsters.
You are incapable of wielding weapons or throwing items.
You cannot wear armour.
You gain extra lives every three experience levels.


Message History

The emperor scorpion claws your mana viper.
The emperor scorpion claws your mana viper but does no damage.
Your cactus giant barely misses the emperor scorpion.
Your warg bites the emperor scorpion but does no damage.
Your mana viper barely misses the emperor scorpion.
The emperor scorpion stings your mana viper!
The emperor scorpion claws your mana viper!
The emperor scorpion barely misses your mana viper.
Your guardian golem overheats!
Your warg bites the emperor scorpion but does no damage.
Your mana viper bites the emperor scorpion.
Flame seeps out of your guardian golem.
The emperor scorpion stings your mana viper!
Flame seeps out of your guardian golem.
The emperor scorpion claws your mana viper.
Flame seeps out of your guardian golem.
The emperor scorpion closely misses your mana viper.
Your warg closely misses the emperor scorpion.
Your guardian golem is engulfed in blazing flames.
Flame seeps out of your guardian golem.
Your mana viper bites the emperor scorpion but does no damage.
The emperor scorpion stings your mana viper!
Your mana viper looks as sick as possible!
The emperor scorpion poisons your mana viper!
Flame seeps out of your guardian golem.
The emperor scorpion closely misses your mana viper.
The emperor scorpion claws your mana viper.
Flame seeps out of your guardian golem.
Your warg bites the emperor scorpion!
Your mana viper bites the emperor scorpion!
The emperor scorpion dies!
Your guardian golem is engulfed in blazing flames.
Flame seeps out of your guardian golem.
You swap places.
There is a stone staircase leading up here.
Your guardian golem disappears in a puff of smoke!
Your guardian golem explodes!
The fiery explosion engulfs your cactus giant!!
The fiery explosion engulfs you!!
You die...
Your body crumbles into a pile of gold.

... ######..##
######..^.#...## ##
##........###...# ..# #.
###.....^....^##..##..###
#^.#.......................#
##.......#..#.............#
#......########...#########
#....#..# #§@§S.# #....##^.
##§Ch## ##.. .... ##### #..
..##♣ .. ..## ... .. ...


You could see a friendly mana viper (summoned, sheltered, extremely poisoned), a
friendly cactus giant (summoned, sheltered) and a friendly warg (summoned,
sheltered).

Vanquished Creatures
  An orc wizard (D:10)
  An endoplasm (D:4)
2 creatures vanquished.

Vanquished Creatures (collateral kills)
  An iron giant (shapeshifter) (D:15)
  A lich (D:15)
  The ghost of Rafrunar the Destroyer, a journeyman DsEE of Vehumet (D:15)
  2 emperor scorpions
  A broodmother (Spider:1)
  The ghost of Gopeb the Fighter, a journeyman DsBe of Trog (Orc:1)
  Nessos (Lair:3)
  A dire elephant (D:15)
  A spark wasp (Spider:1)
  Erolcha (D:12)
  3 hydras
  3 entropy weavers (Spider:2)
  An ogre mage (D:14)
  9 centaur warriors
  A catoblepas (D:13)
  5 two-headed ogres (D:14)
  2 boulder beetles
  2 tengu warriors (D:12)
  A death knight (D:15)
  7 death yaks
  A death scarab (Spider:2)
  4 thrashing horrors (Lair:5)
  4 orc high priests (Orc:2)
  3 skeletal warriors (D:15)
  4 pharaoh ants
  A sea snake (Lair:3)
  4 orb spiders
  2 steelbarb worms
  A necromancer (D:15)
  2 wizards
  7 orc knights
  2 phantasmal warriors (D:15)
  8 wolf spiders
  6 cyclopes
  An orc sorcerer (Orc:1)
  4 manticores
  14 elephants
  A salamander (D:15)
  8 ugly things
  A merfolk siren (Lair:3)
  2 smoke demons (Lair:5)
  4 black mambas
  Joseph (D:7)
  A molten gargoyle (D:14)
  5 demonic crawlers
  A gargoyle (D:12)
  13 cane toads
  7 kobold demonologists
  An unseen horror (D:12)
  2 freezing wraiths (D:15)
  2 rime drakes
  An efreet (D:13)
  5 komodo dragons
  2 yaktaurs (D:15)
  An ancient zyme (Lair:5)
  2 large abominations (Lair:5)
  15 tarantellas
  3 meliai (Spider:2)
  2 polar bears
  3 merfolk (Lair:3)
  8 trolls
  A hornet (D:15)
  A dream sheep (Lair:4)
  22 blink frogs
  12 culicivoras
  2 shadows (D:12)
  14 jumping spiders
  2 ynoxinuls (Lair:5)
  33 yaks
  15 slime creatures
  3 vampires
  Grum (D:8)
  2 wraiths
  2 chaos spawn (Lair:5)
  2 wyverns
  8 basilisks
  53 redbacks
  11 small abominations (Lair:5)
  3 wargs
  2 acid dragons
  A swamp worm (Orc:2)
  8 water moccasins
  A sky beast (D:7)
  7 ice beasts
  A black bear (D:5)
  38 orc warriors
  5 ogres
  13 centaurs
  3 boggarts (D:14)
  13 wolves
  Blork the orc (D:6)
  2 nameless horrors
  6 bullfrogs
  6 necrophages
  6 kobold brigands
  2 gnoll sergeants
  4 scorpions
  6 killer bees (D:10)
  3 howler monkeys
  4 hounds
  2 gnoll boudas
  26 orc priests
  2 jellies
  A sleepcap (D:7)
  4 iguanas
  23 orc wizards
  5 hell rats (Lair:5)
  16 gnolls
  5 adders
  An ufetubus (D:5)
  A worm (D:3)
  A dart slug (D:2)
  75 orcs
  8 endoplasms
  A giant cockroach (D:2)
  7 goblins
  7 hobgoblins
  4 jackals (D:2)
  7 quokkas
  5 ball pythons
  7 bats
  6 frilled lizards
  23 kobolds
  4 rats
  A bush (Lair:5)
765 creatures vanquished.

Vanquished Creatures (others)
  A broodmother (Spider:3)
  2 death yaks (Lair:2)
  A skyshark (Lair:2)
  A skeletal warrior (D:15)
  A deep troll (Lair:1)
  An orb spider (Spider:1)
  Pikel (D:7)
  A wizard (D:15)
  A steelbarb worm (Spider:2)
  2 elephants (Lair:2)
  A gargoyle (D:9)
  A rime drake (Lair:2)
  A tarantella (Spider:2)
  A slime creature (D:14)
  A centaur simulacrum (D:15)
  3 yaks (Lair:3)
  2 wyverns
  3 redbacks (Spider:2)
  Menkaure (D:6)
  Edmund (D:6)
  An ice beast (D:6)
  2 black bears (D:5)
  An orc warrior (D:9)
  3 wolves
  An ogre (D:5)
  A lemure (D:7)
  4 centaurs
  2 bullfrogs (D:8)
  A scorpion (D:6)
  An orc priest (D:9)
  A gnoll bouda (D:6)
  A sleepcap (D:5)
  2 gnolls (D:6)
  An orc (D:7)
  2 bushes (D:4)
  34 fungi
  42 plants
  17 snaplasher vines
144 creatures vanquished.

Grand Total: 911 creatures vanquished

Notes
Turn   | Place    | Note
-------+----------+-------------------------------------------
     0 | D:1      | NinjaNoafa the Felid Summoner began the quest for the Orb.
     0 | D:1      | Reached XP level 1. HP: 7/7 MP: 4/4
   199 | D:1      | Reached XP level 2. HP: 11/11 MP: 1/6
   205 | D:1      | Learned a level 2 spell: Call Imp
   714 | D:1      | Reached XP level 3. HP: 14/14 MP: 2/8
   718 | D:1      | Learned a level 3 spell: Call Canine Familiar
  1258 | D:2      | Reached XP level 4. HP: 18/18 MP: 3/9
  1503 | D:3      | Found Kiodde's Assorted Antiques.
  1775 | D:3      | Reached skill level 5 in Summonings
  2235 | D:3      | Found a faded altar of an unknown god.
  2524 | D:4      | Slain by a gnoll
  2525 | D:4      | Reached XP level 3. HP: -5/14 MP: 7/9
  2584 | D:4      | Found Vietrid's General Store.
  2649 | D:4      | Reached XP level 4. HP: 18/18 MP: 3/10
  2721 | D:4      | Bought a scroll of identify for 24 gold pieces
  2721 | D:4      | Bought a potion of heal wounds for 60 gold pieces
  2724 | D:4      | Bought a potion of curing for 36 gold pieces
  2970 | D:4      | Learned a level 3 spell: Summon Guardian Golem
  3034 | D:4      | Reached skill level 1 in Hexes
  3034 | D:4      | Reached XP level 5. HP: 21/21 MP: 6/12
  3566 | D:5      | Entered Level 5 of the Dungeon
  3566 | D:5      | Noticed a black bear
  3566 | D:5      | Found Mahylomi's Distillery.
  3566 | D:5      | Found Pobb's Weapon Shop.
  3588 | D:5      | Killed a black bear
  3589 | D:5      | Gained mutation: You are covered in thick fur. (AC +2)
                  | [Felid growth]
  3589 | D:5      | Reached XP level 6. HP: 24/24 MP: 6/13
  3611 | D:5      | Bought a potion of degeneration for 10 gold pieces
  3614 | D:5      | Bought a potion of attraction for 30 gold pieces
  3703 | D:5      | Found Kuegrusm's General Store.
  3753 | D:5      | Found Piomier's General Store.
  3788 | D:5      | Reached XP level 7. HP: 27/27 MP: 7/15
  3910 | D:5      | Reached skill level 5 in Spellcasting
  4013 | D:5      | Reached skill level 5 in Hexes
  4245 | D:5      | Found Xugog's Assorted Antiques.
  4346 | D:6      | Noticed Blork the orc
  4422 | D:6      | Found Zarurhih's Elemental Accessories.
  4437 | D:6      | Killed Blork the orc
  4477 | D:6      | Noticed Edmund
  4558 | D:6      | Found a bloodstained altar of Trog.
  4667 | D:6      | Reached XP level 8. HP: 31/31 MP: 5/18
  4787 | D:6      | Noticed Menkaure
  4796 | D:6      | Killed Menkaure
  5057 | D:6      | Killed Edmund
  5228 | D:6      | Identified the ring "Exorax" {Will+ Int+3}
  5447 | D:7      | Reached XP level 9. HP: 34/34 MP: 11/21
  5454 | D:7      | Learned a level 4 spell: Summon Lightning Spire
  5509 | D:7      | Found a white marble altar of Elyvilon.
  5537 | D:7      | Reached skill level 1 in Air Magic
  5665 | D:7      | Noticed Pikel
  5678 | D:7      | Killed Pikel
  5848 | D:7      | Noticed Joseph
  5871 | D:7      | Killed Joseph
  6027 | D:7      | Identified the +2 ring mail of Decompression {rPois rF+}
  6129 | D:7      | Reached skill level 10 in Summonings
  6245 | D:7      | Found a staircase to the Ecumenical Temple.
  6259 | D:7      | Found an iron altar of Okawaru.
  6302 | Temple   | Entered the Ecumenical Temple
  6328 | Temple   | Became a worshipper of Gozag Ym Sagoz the Greedy
  6640 | D:3      | Bought a scroll labelled LAINNAT QILOXT for 26 gold pieces
  6640 | D:3      | Bought a scroll labelled ORU ZETAWO for 26 gold pieces
  6640 | D:3      | Bought a scroll labelled UMMUORGH UCIENE for 26 gold pieces
  6640 | D:3      | Bought a scroll labelled ORU ZETAWO for 26 gold pieces
  6989 | D:7      | Found a radiant altar of Vehumet.
  7348 | D:7      | Learned a level 3 spell: Swiftness
  7351 | D:7      | Learned a level 2 spell: Passwall
  7588 | D:8      | Reached XP level 10. HP: 29/37 MP: 13/24
  7599 | D:8      | Noticed Grum
  7613 | D:8      | Killed Grum
  7641 | D:8      | Found a hide-covered altar of Uskayaw.
  8435 | D:5      | Bought a scroll of identify for 24 gold pieces
  8539 | D:3      | Bought a scroll labelled ORU ZETAWO for 26 gold pieces
  8786 | D:9      | Reached skill level 5 in Air Magic
  9105 | D:9      | Reached skill level 10 in Spellcasting
  9221 | D:9      | Noticed a gargoyle
  9229 | D:9      | Killed a gargoyle
  9702 | D:9      | Found a shimmering blue altar of Sif Muna.
  9780 | D:10     | Entered Level 10 of the Dungeon
  9780 | D:10     | Found Fokam's Armour Emporium.
  9845 | D:10     | Found Jeelann's Armour Shoppe.
  9924 | D:10     | Reached skill level 1 in Fighting
  9924 | D:10     | Reached skill level 3 in Dodging
 10013 | D:10     | Reached skill level 4 in Dodging
 10070 | D:10     | Found a staircase to the Lair.
 10085 | D:10     | Reached skill level 5 in Dodging
 10161 | D:10     | Reached XP level 11. HP: 43/45 MP: 20/26
 10422 | D:10     | Identified the +3 long sword of Bizir {speed, *Noise rF+
                  | rC++ Str+2}
 10488 | D:10     | Reached skill level 6 in Dodging
 10597 | D:10     | Found a staircase to the Orcish Mines.
 10697 | D:10     | Found Ashres's Armour Shop.
 10727 | D:10     | Noticed a sixfirhy
 10883 | D:10     | Found Wiosetz's Magic Scroll Shop.
 10885 | D:10     | Found Gablugass's Distillery.
 10888 | D:10     | Bought a scroll of fog for 56 gold pieces
 10888 | D:10     | Bought a scroll of identify for 28 gold pieces
 10888 | D:10     | Bought a scroll of identify for 28 gold pieces
 10888 | D:10     | Bought a scroll of identify for 28 gold pieces
 10888 | D:10     | Bought a scroll of identify for 28 gold pieces
 10888 | D:10     | Bought a scroll of identify for 28 gold pieces
 10888 | D:10     | Bought a scroll of identify for 28 gold pieces
 10955 | Lair:1   | Entered Level 1 of the Lair of Beasts
 11145 | Lair:1   | Reached skill level 7 in Dodging
 11175 | Lair:1   | Reached skill level 5 in Fighting
 11319 | Lair:1   | Reached skill level 8 in Dodging
 11463 | Lair:1   | Learned a level 2 spell: Blink
 11624 | Lair:1   | Reached skill level 9 in Dodging
 11991 | Lair:1   | Noticed a deep troll
 12126 | Lair:1   | Killed a deep troll
 12282 | Lair:2   | Reached skill level 1 in Translocations
 12302 | Lair:2   | Reached skill level 1 in Transmutations
 12302 | Lair:2   | Reached skill level 1 in Earth Magic
 12302 | Lair:2   | Reached skill level 1 in Evocations
 12381 | Lair:2   | Noticed a death yak
 12385 | Lair:2   | Noticed a death yak
 12385 | Lair:2   | Noticed a death yak
 12386 | Lair:2   | Noticed a death yak
 12401 | Lair:2   | Noticed a death yak
 12402 | Lair:2   | Killed a death yak
 12403 | Lair:2   | Killed a death yak
 12407 | Lair:2   | Killed a death yak
 12408 | Lair:2   | Gained mutation: Your thick and shaggy fur keeps you warm.
                  | (AC +3, rC+) [Felid growth]
 12408 | Lair:2   | Reached XP level 12. HP: 53/53 MP: 17/27
 12411 | Lair:2   | Killed a death yak
 12419 | Lair:2   | Killed a death yak
 12691 | Lair:2   | Reached skill level 5 in Translocations
 13396 | Lair:3   | Identified a scroll of acquirement
 13423 | Lair:3   | Acquired a book of the Wilderness
 13528 | Lair:3   | Reached skill level 5 in Transmutations
 13554 | Lair:3   | Reached skill level 5 in Evocations
 13628 | Lair:3   | Noticed Nessos
 13655 | Lair:2   | Learned a level 5 spell: Summon Forest
 13661 | Lair:2   | Learned a level 5 spell: Summon Mana Viper
 13687 | Lair:3   | Killed Nessos
 13688 | Lair:3   | Reached skill level 5 in Earth Magic
 13877 | Lair:3   | Found a staircase to the Shoals.
 14306 | Lair:3   | Reached skill level 10 in Dodging
 14320 | Lair:3   | Found a hole to the Spider Nest.
 14354 | Lair:4   | You fall into a shaft and drop 1 floor!
 14354 | Lair:5   | Entered Level 5 of the Lair of Beasts
 14664 | Lair:4   | Found a viscous altar of Jiyva.
 14668 | Lair:4   | Found a staircase to the Slime Pits.
 14741 | Lair:4   | Reached XP level 13. HP: 58/58 MP: 12/28
 15419 | Lair:5   | Reached skill level 11 in Dodging
 15872 | Lair:5   | Found a sacrificial altar of Ru.
 16337 | Lair:5   | Reached skill level 12 in Dodging
 16346 | Lair:5   | Reached skill level 10 in Hexes
 16349 | Lair:5   | Reached skill level 10 in Translocations
 17485 | Lair:5   | Reached skill level 13 in Dodging
 17596 | Lair:5   | Slain by a thrashing horror
 17597 | Lair:5   | Reached XP level 12. HP: -1/58 MP: 2/27
 17597 | Lair:5   | Found a corrupted altar of Lugonu.
 17597 | Lair:5   | Found a one-way gate to the infinite horrors of the Abyss.
 17627 | Lair:5   | Reached skill level 10 in Fighting
 17627 | Lair:5   | Reached XP level 13. HP: 54/61 MP: 23/28
 17817 | Lair:1   | Bought a potion of curing for 42 gold pieces
 17817 | Lair:1   | Bought a scroll of identify for 28 gold pieces
 18247 | D:5      | Bought a scroll of identify for 26 gold pieces
 18247 | D:5      | Bought a potion of brilliance for 52 gold pieces
 18433 | Orc:1    | Entered Level 1 of the Orcish Mines
 18820 | Orc:1    | Found a runed translucent gate.
 18820 | Orc:1    | Found a runed translucent gate.
 18821 | Orc:1    | Found a runed translucent gate.
 18822 | Orc:1    | Noticed Gopeb's ghost (journeyman DsBe)
 19032 | Orc:1    | Found a dark tunnel.
 19038 | Volcano  | Entered a volcano
 19465 | Orc:2    | Entered Level 2 of the Orcish Mines
 19685 | Orc:2    | Found Girota's Armour Shoppe.
 19746 | Orc:2    | Found a staircase to the Elven Halls.
 19872 | Orc:2    | Killed from afar by an orc high priest
 19873 | Orc:2    | Reached XP level 12. HP: -2/58 MP: 10/36
 19965 | Orc:2    | Reached skill level 14 in Dodging
 20159 | Orc:2    | Noticed an orc high priest
 20160 | Orc:2    | Noticed an orc high priest
 20339 | Orc:2    | Killed an orc high priest
 20342 | Orc:2    | Killed an orc high priest
 20447 | Orc:2    | Noticed an orc high priest
 20464 | Orc:2    | Killed an orc high priest
 20467 | Orc:2    | Noticed an orc high priest
 20483 | Orc:2    | Killed an orc high priest
 20663 | Orc:2    | Found Edajym's Assorted Antiques.
 20663 | Orc:2    | Found Luraivvos's Jewellery Boutique.
 20664 | Orc:2    | Found Raboh's Jewellery Shop.
 20664 | Orc:2    | Found Ytsuxa's Assorted Antiques.
 20675 | Orc:2    | Bought an amulet of magic regeneration for 390 gold pieces
 20680 | Orc:2    | Bought a +4 ring of protection for 468 gold pieces
 21402 | D:11     | Found an ancient bone altar of Kikubaaqudgha.
 21682 | D:12     | Found an iron altar of Okawaru.
 21853 | D:12     | Reached XP level 13. HP: 63/63 MP: 28/28
 21861 | D:12     | Identified the +4 great mace of Voavejur {heavy, rF+ rN+}
 22451 | D:12     | Noticed Erolcha
 22466 | D:12     | Killed Erolcha
 22549 | D:12     | Identified the +6 scale mail of Lust {rF++}
 23067 | D:13     | Reached skill level 15 in Dodging
 23266 | D:13     | HP: 3/63 [efreet/fireball (24)]
 23435 | D:12     | Learned a level 6 spell: Summon Cactus Giant
 24035 | D:14     | Found a gate to the Vaults.
 24229 | D:14     | Reached XP level 14. HP: 69/69 MP: 30/30
 24720 | D:14     | Reached skill level 16 in Dodging
 24867 | D:15     | Entered Level 15 of the Dungeon
 24878 | D:15     | Noticed a lich
 24888 | D:15     | Noticed Rafrunar's ghost (journeyman DsEE)
 25650 | D:15     | Identified the +4 scale mail of the Sun {Will+ rCorr Str-2
                  | Int+9}
 25725 | D:15     | Found a runed translucent door.
 25732 | D:15     | Found a runed translucent door.
 25940 | D:15     | Found a staircase to the Depths.
 26182 | D:15     | Upgraded the game from 0.30-a0-964-gd452b5e7fa to
                  | 0.30-a0-965-g42e074c17a
 26196 | D:15     | Found an ornate altar of the Wu Jian Council.
 26612 | Orc:1    | Bought the Cyclopedia of Massed Hoarfrost for 506 gold
                  | pieces
 26681 | Orc:1    | Killed Gopeb's ghost
 27349 | D:15     | an alligator snapping turtle changed into a quicksilver
                  | dragon
 27349 | D:15     | Noticed a quicksilver dragon (glowing shapeshifter)
 27356 | D:15     | a quicksilver dragon changed into an alligator snapping
                  | turtle
 27369 | D:15     | an iron troll changed into a quicksilver dragon
 27369 | D:15     | Noticed a quicksilver dragon (glowing shapeshifter)
 27370 | D:15     | a quicksilver dragon changed into a frost giant
 27370 | D:15     | Noticed a frost giant (glowing shapeshifter)
 27379 | D:15     | a frost giant changed into a storm dragon
 27379 | D:15     | Noticed a storm dragon (glowing shapeshifter)
 27380 | D:15     | a storm dragon changed into an azure jelly
 27380 | D:15     | Noticed an azure jelly (glowing shapeshifter)
 27384 | D:15     | an azure jelly changed into an iron troll
 27385 | D:15     | Killed a lich
 27396 | D:15     | an eleionoma changed into a quicksilver dragon
 27396 | D:15     | Noticed a quicksilver dragon (glowing shapeshifter)
 27398 | D:15     | a quicksilver dragon changed into a fire giant
 27398 | D:15     | Noticed a fire giant (glowing shapeshifter)
 27400 | D:15     | a fire giant changed into an eleionoma
 27404 | D:15     | an alligator snapping turtle changed into an iron dragon
 27404 | D:15     | Noticed an iron dragon (glowing shapeshifter)
 27407 | D:15     | an iron dragon changed into an iron giant
 27407 | D:15     | Noticed an iron giant (glowing shapeshifter)
 27410 | D:15     | Killed an iron giant
 27411 | D:15     | Reached skill level 17 in Dodging
 27446 | D:15     | Killed Rafrunar's ghost
 27477 | D:15     | Identified the +0 helmet of Jaijen {rCorr SInv}
 27678 | Shoals:1 | Entered Level 1 of the Shoals
 27750 | Spider:1 | Entered Level 1 of the Spider Nest
 27755 | Spider:1 | Noticed a broodmother
 27759 | Spider:1 | Slain by a spark wasp
 27760 | Spider:1 | Reached XP level 13. HP: 0/66 MP: 24/38
 27810 | Spider:1 | Killed a spark wasp
 27812 | Spider:1 | Killed a broodmother
 27813 | Spider:1 | Reached XP level 14. HP: 70/70 MP: 9/30
 29072 | Spider:2 | Noticed an emperor scorpion
 29400 | Spider:2 | Reached skill level 18 in Dodging
 29487 | Spider:2 | Killed an emperor scorpion
 29896 | Spider:2 | Bought a book of the Earth for 504 gold pieces
 30542 | Spider:3 | Noticed a broodmother
 30555 | Spider:3 | Killed a broodmother
 30556 | Spider:3 | Reached XP level 15. HP: 75/75 MP: 24/31
 30605 | Spider:3 | Noticed an emperor scorpion
 30630 | Spider:3 | Killed an emperor scorpion
 30633 | Spider:3 | Killed by an exploding themself... ignited by their inner
                  | flame

Illustrated notes

Levels and vault maps discovered:
D:1:      amcnicky_arrival_double_pillar, layout_basic
D:2:      layout_loops_ring, hangedman_decor_riveting,
          minmay_misc_feat_secret_circle
D:3:      layout_loops_corners, shapermc_ecumenical_altar_mp_vishouse,
          serial_shops, shop
D:4:      layout_loops_ring, serial_shops, nicolae_inconvenience_store,
          amcnicky_mini_corridor_feature, minmay_hedge_maze
D:5:      layout_loops_ring, serial_shops, shop, shop, shop,
          nicolae_shop_waterfront, nicolae_shop_statue_plus
D:6:      layout_cave_pools, nicolae_overflow_hidden_temple,
          hangedman_decor_slide_cut, nicolae_elemental_shop, uniq_edmund,
          uniq_blork_the_orc, uniq_menkaure
D:7:      layout_basic, mainiacjoe_overflow_concentric_impassable,
          mainiacjoe_overflow_alcove_2, elyvilon_altar_1,
          minmay_temple_entry_grid, kennysheep_generic_room_10, uniq_pikel,
          uniq_joseph
D:8:      layout_cave_pods, mainiacjoe_overflow_six_doors_small, uniq_grum
D:9:      layout_stronghold, kennysheep_orc_sif_temple,
          nicolae_figureground_sparkle
D:10:     layout_cave_pods, hellmonk_lair_entry_icy, david_orc_4, serial_shops,
          shop, nicolae_square_shop, nicolae_shop_stone, shop_statue,
          nicolae_shop_advertising_works [nicolae_subvault_shop_adworks]
D:11:     layout_basic, minmay_tree_intersection, kiku_gazebo_pond_becter
D:12:     layout_basic, okawaru_gym_becter, uniq_erolcha
D:13:     layout_cave_pools
D:14:     layout_roguey, david_vaults_1, kennysheep_small_spiral
D:15:     hangedman_depths_entry_try_elsewhere_first, layout_basic,
          nicolae_wu_jian_wuxing_cycle, muffindrake_ghost_dual_entry,
          grunt_potential
Temple:   compressed_dpeg_triangle_lava_temple
Lair:1:   dreamdust_cave_troll, layout_chaotic_city, grunt_megastairs_2
Lair:2:   layout_loops_ring, serial_rivers, chequers_serial_rivers_small_a,
          chequers_serial_rivers_large_a, chequers_serial_rivers_room_a,
          chequers_serial_rivers_micro_d, chequers_serial_rivers_room_b,
          lemuel_fruit_tree, grunt_megastairs_4
Lair:3:   layout_regular_city, elwin_shoals_entry_stream,
          spider_nest_entry_funnel_web, roderic_carrion_pond,
          serial_bayou_shore_b, uniq_nessos
Lair:4:   layout_hall_layers, slime_entry_1, st_stairs_12, serial_bayou_shore_a
Lair:5:   hellmonk_lair_end_abyssal_woods, layout_regular_city, basic_altar,
          grunt_megastairs_3
Shoals:1: layout_shoals, nicolae_shoals_water_elemental_grotto, uniq_louise,
          uniq_nikola
Spider:1: layout_spider_delve
Spider:2: layout_spider_delve, hangedman_spider_tarantella_strand
Spider:3: layout_spider_delve, uniq_arachne
Orc:1:    layout_caves, nicolae_volcano_entry_s_turn, gammafunk_ghost_split
Orc:2:    st_orc_pillars, layout_caves, serial_shops, shop

Skill      XL: |  1  2  3  4  5  6  7  8  9 10 11 12 13 14 |
---------------+-------------------------------------------+-----
Spellcasting   | 3 4 6 7 9 10 11 | 11.0
Summonings     | 5 6 7 9 10 11 13 | 13.5
Hexes          | 1 3 4 5 7 10 | 10.0
Air Magic      | 4 7 |  7.0
Fighting       | 3 6 11 12 14 | 14.3
Dodging        | 5 9 14 15 18 | 18.7
Translocations | 3 7 10 | 10.0
Transmutations | 2 5 |  5.5
Earth Magic    | 2 5 |  5.3
Evocations     | 2 5 |  5.0
Stealth        | |  2.6

Action                     |  1- 3 |  4- 6 |  7- 9 | 10-12 | 13-15 || total
---------------------------+-------+-------+-------+-------+-------++-------
  Melee: Unarmed           |     1 |    12 |     1 |     2 |     6 ||    22
         Bite              |     1 |     3 |       |       |     1 ||     5
   Cast: Summon Small Mamm |    43 |    37 |    46 |    30 |       ||   156
         Call Imp          |    14 |    20 |    21 |    17 |       ||    72
         Call Canine Famil |     5 |    24 |    35 |    58 |   124 ||   246
         Summon Guardian G |       |     4 |    30 |    43 |    30 ||   107
         Summon Lightning  |       |       |    13 |    61 |    28 ||   102
         Passwall          |       |       |     2 |     3 |     7 ||    12
         Swiftness         |       |       |     1 |     3 |     5 ||     9
         Blink             |       |       |       |     4 |     5 ||     9
         Summon Mana Viper |       |       |       |    34 |   182 ||   216
         Summon Forest     |       |       |       |    21 |    91 ||   112
         Summon Cactus Gia |       |       |       |       |    92 ||    92
 Invoke: Call Merchant     |       |       |       |     1 |     4 ||     5
  Evoke: Wand              |       |       |       |       |     1 ||     1
    Use: Scroll            |       |     4 |     1 |    18 |     7 ||    30
         Potion            |       |       |       |     1 |     5 ||     6
   Stab: Distracted        |       |     1 |       |       |       ||     1
 Armour: Skin              |     2 |       |     5 |     6 |    12 ||    25
  Dodge: Dodged            |    46 |    37 |    68 |   156 |   456 ||   763
  Block: Other             |       |       |     3 |    35 |    36 ||    74
         Reflection        |       |       |     2 |     7 |     2 ||    11

Table legend: (Time is in decaauts)
 A = Elapsed time spent in this place.
 B = Non-inter-level travel time spent in this place.
 C = Inter-level travel time spent in this place.
 D = Time resting spent in this place.
 E = Time spent auto-exploring this place.
 F = Levels seen in this place.
 G = Mean time per level.
                   A        B        C        D        E       F      G
               +--------+--------+--------+--------+--------+-----+--------+
         Total |  26070 |  22892 |   3178 |   1676 |  13079 |  28 |  931.1 |
       Dungeon |  15012 |  12762 |   2250 |    592 |   7671 |  15 | 1000.8 |
        Temple |    131 |    118 |     13 |      0 |    108 |   1 |  131.0 |
          Lair |   6239 |   5703 |    536 |    398 |   3177 |   5 | 1247.8 |
        Shoals |      4 |      2 |      2 |      0 |      0 |   1 |    4.0 |
   Spider Nest |   2293 |   2234 |     59 |    468 |    958 |   3 |  764.3 |
  Orcish Mines |   2352 |   2035 |    317 |    218 |   1162 |   2 | 1176.0 |
       Volcano |     36 |     36 |      0 |      0 |      0 |   1 |   36.0 |
               +--------+--------+--------+--------+--------+-----+--------+

Top non-repeatable levels by time:
  Lair:5: 2023 daAuts
    D:15: 1554 daAuts
    D:10: 1468 daAuts
     D:7: 1388 daAuts
  Lair:3: 1338 daAuts
    D:12: 1328 daAuts
   Orc:1: 1287 daAuts
Spider:2: 1261 daAuts
  Lair:1: 1142 daAuts
   Orc:2: 1064 daAuts
     D:4: 1024 daAuts
     D:5: 1019 daAuts
    D:14: 996 daAuts
     D:9: 966 daAuts
Spider:1: 948 daAuts
